 Dungeon Crawl Stone Soup version 0.23.2 (webtiles) character file.

Game seed: 5624333747795905493

390 Borgoz the Cutter (level 7, 0/44 HPs)
             Began as a Kobold Fighter on Apr 12, 2019.
             Slain by an ogre
             ... wielding a +0 giant spiked club
              (21 damage)
             ... on level 4 of the Dungeon.
             The game lasted 00:04:07 (2963 turns).

Borgoz the Cutter (Kobold Fighter)                  Turns: 2963, Time: 00:04:08

Health: 0/44       AC:  7    Str: 15    XL:     7   Next: 7%
Magic:  0/7        EV: 13    Int:  9    God:
Gold:   149        SH:  0    Dex: 15    Spells: 6/6 levels left

rFire    . . .     SeeInvis .   k - +1 dagger (elec)
rCold    . . .     Gourm    .   (shield restricted)
rNeg     . . .     Faith    .   b - +0 scale mail
rPois    .         Spirit   +   (no helmet)
rElec    .         Reflect  .   (no cloak)
rCorr    .         Harm     .   (no gloves)
MR       .....                  (no boots)
Stlth    ..........             l - amulet of guardian spirit
HPRegen  0.14/turn              r - ring of attention (curse)
MPRegen  0.10/turn              (no ring)

@: no status effects
A: small, carnivore
a: no special abilities


You were on level 4 of the Dungeon.
You were completely stuffed.

You visited 1 branch of the dungeon, and saw 4 of its levels.

You collected 149 gold pieces.

Inventory:

Hand Weapons
 a - a +0 rapier
 k - a +1 dagger of electrocution (weapon)
Armour
 b - a +0 scale mail (worn)
 c - a +0 shield
Jewellery
 l - an amulet of guardian spirit (around neck)
 r - a cursed ring of attention (left hand)
Wands
 y - a wand of clouds (5)
 B - a wand of digging (4)
Scrolls
 e - a scroll of enchant weapon
 h - a scroll of amnesia {unknown}
 i - 2 scrolls of magic mapping {unknown}
 j - 2 scrolls of teleportation
 o - a scroll of random uselessness {unknown}
 q - a scroll of fear {unknown}
 s - 2 scrolls of fog {unknown}
 t - 2 scrolls of blinking {unknown}
 u - a scroll of remove curse {unknown}
 v - a scroll of immolation {unknown}
 z - a scroll of enchant armour {unknown}
Potions
 d - a potion of might
 g - 3 potions of flight
 m - a potion of lignification
 p - 3 potions of curing
 w - a potion of berserk rage {unknown}
 x - a potion of ambrosia {unknown}
Comestibles
 f - 9 rations
 A - 3 chunks of flesh


   Skills:
 + Level 4.9 Fighting
 + Level 5.1 Short Blades
 + Level 3.7 Armour
 + Level 3.7 Dodging
 - Level 2.4 Shields


You had 6 spell levels left.
You didn't know any spells.
Your spell library was empty.

Dungeon Overview and Level Annotations

Branches:
Dungeon (4/15)
 Temple: D:4-7

Altars:
Hepliaklqana
Makhleb


Innate Abilities, Weirdness & Mutations

You are small and have problems with some larger weapons.
You are carnivorous and can eat meat at any time.


Message History

The ogre is moderately wounded.
The ogre hits you with a +0 giant spiked club!
You hit the ogre.
The ogre is heavily wounded.
You hit the ogre but do no damage.
The ogre is heavily wounded.
The ogre completely misses you.
You barely miss the ogre.
The ogre is heavily wounded.
You barely miss the ogre.
The ogre is heavily wounded.
The ogre hits you with a +0 giant spiked club!!
You are too injured to fight recklessly!
You are too injured to fight recklessly!
You hit the ogre but do no damage. Lightning courses through the ogre!
The ogre is almost dead.
You closely miss the ogre.
The ogre is almost dead.
The ogre hits you with a +0 giant spiked club!!
You die...

#......#
#......#
#......#
##
#......#
.#
#.....##
##
#.....# #
#.....# #
#.....# #
#...@.# #
#....O#
####....
#......
#........
#........
#........
#<.......


You could see an ogre.

Vanquished Creatures
  An ogre (D:4)
  A bullfrog (D:4)
  A scorpion (D:4)
  An iguana (D:4)
  3 gnolls (D:3)
  5 adders
  An ooze (D:2)
  4 worms
  A dart slug (D:1)
  5 leopard geckos
  2 orcs
  A giant cockroach (D:3)
  6 goblins
  8 hobgoblins
  4 jackals (D:3)
  5 kobolds
  2 quokkas
  A ball python (D:3)
  7 bats
  5 frilled lizards
  7 rats
71 creatures vanquished.

Notes
Turn   | Place    | Note
-------+----------+-------------------------------------------
     0 | D:1      | Borgoz the Kobold Fighter began the quest for the Orb.
     0 | D:1      | Reached XP level 1. HP: 14/14 MP: 1/1
   337 | D:1      | Reached XP level 2. HP: 17/19 MP: 2/2
   342 | D:1      | Reached skill level 3 in Short Blades
   393 | D:1      | Reached skill level 1 in Dodging
   728 | D:2      | Reached XP level 3. HP: 23/23 MP: 3/3
  1075 | D:2      | Reached XP level 4. HP: 25/29 MP: 4/4
  1711 | D:3      | Reached XP level 5. HP: 19/33 MP: 5/5
  1726 | D:3      | Reached skill level 4 in Short Blades
  1921 | D:3      | Found a faded altar of an unknown god.
  2340 | D:4      | Found a burning altar of Makhleb.
  2615 | D:4      | Noticed an ogre
  2622 | D:4      | Reached XP level 6. HP: 35/39 MP: 6/6
  2626 | D:4      | Killed an ogre
  2699 | D:4      | Reached skill level 5 in Short Blades
  2700 | D:4      | Found a hazy altar of Hepliaklqana.
  2726 | D:4      | Reached XP level 7. HP: 42/44 MP: 7/7
  2963 | D:4      | Slain by an ogre

Skill      XL: |  1  2  3  4  5  6 |
---------------+-------------------+-----
Short Blades   | 3 4 5 |  5.1
Dodging        | 1 2 3 |  3.7
Armour         | 3 |  3.7
Fighting       | 4 |  4.9
Shields        | |  2.4

Action                   |  1- 3 |  4- 6 |  7- 9 || total
-------------------------+-------+-------+-------++-------
Melee: Rapier            |    28 |       |       ||    28
       Dagger            |    92 |   128 |    16 ||   236
  Use: Potion            |       |     2 |       ||     2
       Scroll            |       |     1 |     3 ||     4
  Eat: Chunk             |     5 |     9 |     1 ||    15
Armor: Scale mail        |    56 |    34 |       ||    90
Dodge: Dodged            |    62 |    86 |     6 ||   154
